 Dungeon Crawl Stone Soup version 0.27.0-1-g7a089689b8 (webtiles) character file.

Game seed: 4300979898326772642

559 dolemite99 the Cleaver (level 7, -1/61 HPs)
             Began as a Deep Dwarf Fighter on Aug 11, 2021.
             Slain by a mummy (6 damage)
             ... in an ossuary.
             The game lasted 00:04:21 (2994 turns).

dolemite99 the Cleaver (Deep Dwarf Fighter)         Turns: 2994, Time: 00:04:21

Health: -1/61      AC:  9    Str: 21    XL:     7   Next: 9%
Magic:  6/6        EV:  5    Int:  9    God:
Gold:   171        SH: 10    Dex: 18    Spells: 6/6 levels left

rFire    . . .     SeeInvis .   a - +0 war axe
rCold    . . .     Faith    .   c - +0 kite shield
rNeg     . . .     Spirit   .   x - +0 chain mail
rPois    .         Reflect  .   (no helmet)
rElec    .         Harm     .   (no cloak)
rCorr    .         Rampage  .   (no gloves)
Will     +....                  (no boots)
Stlth    ..........             (no amulet)
HPRegen  0.00/turn              q - +6 ring of dexterity
MPRegen  0.10/turn              (no ring)

@: no status effects
A: damage resistance, heal wounds, sense surroundings 1, no regeneration
a: Heal Wounds


You were in an ossuary.
You visited 1 branch of the dungeon, and saw 4 of its levels.
You also visited: Ossuary.

You collected 171 gold pieces.

Inventory:

Hand Weapons
 a - a +0 war axe (weapon)
 b - a +0 hunting sling
 h - a +0 short sword of draining
 j - a +4 dagger
 l - a +0 hunting sling
 v - a +2 dagger of flaming
Missiles
 d - 34 arrows
 k - 150 stones
 o - 42 sling bullets
 r - 9 poisoned darts
 t - 21 bolts
Armour
 c - a +0 kite shield (worn)
 u - a +0 scale mail
 x - a +0 chain mail (worn)
Jewellery
 q - a +6 ring of dexterity (left hand)
Wands
 w - a wand of flame (28)
Scrolls
 f - 2 scrolls of fog
Potions
 i - a potion of haste {unknown}
 m - 2 potions of curing
 n - a potion of resistance {unknown}
 p - a potion of flight {unknown}
 s - 2 potions of lignification
 z - a potion of attraction {unknown}


   Skills:
 - Level 2.6 Fighting
 + Level 8.6 Axes
 - Level 3.2 Armour
 - Level 3.2 Shields


You had 6 spell levels left.
You didn't know any spells.
Your spell library contained the following spells:

 Spells                   Type           Power      Damage    Failure   Level
 Corpse Rot               Necr/Air       N/A        N/A       100%        2
 Dispel Undead            Necr           0%         3d6       100%        4
 Death Channel            Necr           0%         N/A       100%        6


Dungeon Overview and Level Annotations

Branches:
Dungeon (4/15)            Ossuary (1/1)
 Temple: D:4-7

Altars:


Innate Abilities, Weirdness & Mutations

You are resistant to damage.
You can heal yourself by infusing magical energy.
You passively map a small area around you.
You do not regenerate.


Message History

You slash the kobold zombie!
You destroy the kobold zombie!
There is an empty arch of ancient stone here. 2 mummies and a zombie come into view.
There are monsters nearby!
There is an empty arch of ancient stone here.
The orc zombie barely misses you.
You slash the orc zombie!
You destroy the orc zombie!
You block the mummy's attack.
You slash the mummy!
The mummy is heavily damaged.
You barely miss the mummy. You block the mummy's attack. x2
You barely miss the mummy.
The mummy is heavily damaged.
You slash the mummy! You block the mummy's attack. The mummy hits you!
* * * LOW HITPOINT WARNING * * *
You hit the mummy but do no damage.
The mummy is heavily damaged.
You hit the mummy. You block the mummy's attack.
You hit the mummy.
The mummy is severely damaged.
You hit the mummy.
You destroy the mummy!
You block the mummy's attack.
You hit the mummy.
The mummy is almost destroyed.
You block the mummy's attack.
You slash the mummy!
You destroy the mummy! 2 mummies come into view.
A hobgoblin zombie comes into view.
There is an empty arch of ancient stone here.
The hobgoblin zombie hits you but does no damage.
You slash the hobgoblin zombie!
You destroy the hobgoblin zombie!
You closely miss the mummy. You completely miss the mummy. The mummy hits you!
* * * LOW HITPOINT WARNING * * *
The mummy hits you!
You die...

*
#..M...**
, *#....#
, #....#,
,,
#....#,
#....# ,
,
,,#....#
,,#....#
#..MM#* ,
#...@#
*#.∩∩.# *
, ######
*


You could see 2 mummies.

Vanquished Creatures
  Sigmund (D:3)
  3 elf skeletons (D:4)
  A hound (D:4)
  Jessica (D:3)
  Ijyb (D:3)
  2 mummies (Ossuary)
  5 adders
  2 worms
  A dart slug (D:1)
  An orc (D:3)
  4 ball pythons
  6 endoplasms
  3 giant cockroaches
  16 goblins
  5 hobgoblins
  9 jackals
  3 bats (D:1)
  2 frilled lizards
  2 gnoll zombies (Ossuary)
  2 hobgoblin zombies (Ossuary)
  7 kobolds
  3 kobold zombies (Ossuary)
  An orc skeleton (D:4)
  An orc zombie (Ossuary)
  5 rats
87 creatures vanquished.

Vanquished Creatures (others)
  5 fungi (D:3)
  A plant (D:1)
  2 toadstools (D:3)
8 creatures vanquished.

Grand Total: 95 creatures vanquished

Notes
Turn   | Place    | Note
-------+----------+-------------------------------------------
     0 | D:1      | dolemite99 the Deep Dwarf Fighter began the quest for the
                  | Orb.
     0 | D:1      | Reached XP level 1. HP: 20/20 MP: 1/1
   270 | D:1      | Reached skill level 3 in Axes
   283 | D:1      | Reached XP level 2. HP: 24/26 MP: 2/2
   290 | D:1      | Found a faded altar of an unknown god.
   560 | D:1      | Reached XP level 3. HP: 17/33 MP: 3/3
   605 | D:1      | Reached skill level 4 in Axes
  1378 | D:3      | Reached XP level 4. HP: 32/40 MP: 4/4
  1410 | D:3      | Noticed Jessica
  1418 | D:3      | Killed Jessica
  1419 | D:3      | Reached skill level 5 in Axes
  1562 | D:3      | Noticed Sigmund
  1593 | D:3      | Killed Sigmund
  1594 | D:3      | Reached skill level 6 in Axes
  1594 | D:3      | Reached XP level 5. HP: 13/46 MP: 4/4
  1886 | D:3      | Reached skill level 7 in Axes
  2054 | D:3      | Reached XP level 6. HP: 12/55 MP: 5/5
  2291 | D:3      | Noticed Ijyb
  2353 | D:3      | Killed Ijyb
  2891 | D:4      | Reached skill level 8 in Axes
  2901 | D:4      | Found a sand-covered staircase.
  2918 | D:4      | Reached XP level 7. HP: 24/61 MP: 6/6
  2921 | Ossuary  | Entered an ossuary
  2994 | Ossuary  | Slain by a mummy

Illustrated notes

Levels and vault maps discovered:
D:1:      shiori_arrival_oz, layout_basic, shapermc_ecumenical_altar_gd
D:2:      cheibrodos_helix_gallery, layout_basic, chequers_hall_statues_y
D:3:      kennysheep_goblin_castle, layout_basic, nrook_campfire,
          minmay_gold_behind_fungi, uniq_jessica, uniq_sigmund
D:4:      layout_basic, minmay_temple_entry_proselytizer,
          nicolae_ossuary_entry_catacombs
Ossuary:  ossuary_tomb_3

Skill      XL: |  1  2  3  4  5  6 |
---------------+-------------------+-----
Axes           | 3 4 6 7 8 |  8.6
Fighting       | |  2.6
Armour         | |  3.2
Shields        | |  3.2

Action                   |  1- 3 |  4- 6 |  7- 9 || total
-------------------------+-------+-------+-------++-------
Melee: War axe           |    91 |   107 |    21 ||   219
       Short sword       |    52 |       |       ||    52
 Fire: Hunting sling     |       |     1 |       ||     1
 Abil: Heal Wounds       |     1 |     2 |       ||     3
  Use: Potion            |       |     2 |       ||     2
       Scroll            |       |     3 |       ||     3
Armor: Scale mail        |    47 |    25 |       ||    72
       Chain mail        |       |    22 |    13 ||    35
       Skin              |       |     7 |       ||     7
Dodge: Dodged            |    45 |    30 |     6 ||    81
Block: Kite shield       |    77 |    69 |    14 ||   160
